 Dungeon Crawl Stone Soup version 0.20.0-10-g0535bb4 (webtiles) character file.

193 glosham the Skirmisher (level 5, -10/43 HPs)
             Began as a Vampire Fire Elementalist on June 7, 2017.
             Killed from afar by a kobold (47 damage)
             ... with an exploding inner flame
             ... hexed by the player character
             ... on level 3 of the Dungeon.
             The game lasted 00:46:45 (3431 turns).

glosham the Skirmisher (Vampire Fire Elementalist)  Turns: 3431, Time: 00:46:46

Health: -10/43     AC:  2    Str:  8    XL:     5   Next: 43%
Magic:  3/8        EV: 13    Int: 17    God:
Gold:   113        SH:  0    Dex: 15    Spells: 4/8 levels left

rFire    . . .     SeeInvis +   a - +0 short sword
rCold    + + .     Gourm    .   (no shield)
rNeg     + + +     Faith    .   d - +0 robe
rPois    ∞         Spirit   .   (no helmet)
rElec    .         Reflect  .   (no cloak)
rCorr    .         Harm     .   (no gloves)
MR       .....                  (no boots)
Stlth    ++++......             (no amulet)
Regen    0.0/turn               (no ring)
MPRegen  0.2/turn               (no ring)

@: very slightly contaminated, bloodless, non-regenerating
A: fangs 3, see invisible, unbreathing
a: Bat Form


You were on level 3 of the Dungeon.
You were bloodless.

You visited 1 branch of the dungeon, and saw 3 of its levels.

You collected 113 gold pieces.

Inventory:

Hand Weapons
 a - a +0 short sword (weapon)
 b - a +0 dagger
Missiles
 f - 57 stones (quivered)
 i - 3 needles of sleeping
 n - 48 sling bullets
 p - 52 arrows
Armour
 d - a +0 robe (worn)
Scrolls
 e - a scroll of recharging {unknown}
 l - a scroll of identify {unknown}
 m - a scroll of random uselessness {unknown}
 q - a scroll of teleportation {unknown}
 r - a scroll of remove curse {unknown}
 s - a scroll of fog {unknown}
Potions
 c - 28 potions of blood
 g - a potion of heal wounds {unknown}
 j - a potion of agility {unknown}
 k - a potion of degeneration {unknown}
 o - 3 potions of berserk rage {unknown}
Books
 h - a book of Flames

   Spells                             Type                      Level
   a - Flame Tongue                   Conjuration/Fire             1
   b - Throw Flame                    Conjuration/Fire             2
   c - Conjure Flame                  Conjuration/Fire             3
   d - Inner Flame                    Hexes/Fire                   3
   e - Sticky Flame                   Conjuration/Fire             4
   f - Fireball                       Conjuration/Fire             5


   Skills:
 - Level 4.4 Fighting
 - Level 2.1 Dodging
 - Level 3.0 Stealth
 - Level 2.0 Spellcasting
 - Level 0.6 Conjurations
 * Level 2.2 Hexes
 - Level 2.4 Fire Magic


You had 4 spell levels left.
You knew the following spells:

 Your Spells              Type           Power        Failure   Level  Hunger
f - Inner Flame           Hex/Fire       #.......     22%         3    ###....
x - Flame Tongue          Conj/Fire      #....        11%         1    #......


Dungeon Overview and Level Annotations

Branches:
Dungeon (3/15)

Altars:

Annotations:
D:3 maniacrov's ghost, amateur DEFE


Innate Abilities, Weirdness & Mutations

You do not heal naturally.
You are immune to poison.
You have razor-sharp teeth.
You have supernaturally acute eyesight. (SInv)
You can survive without breathing.


Message History

The adder bites you. The adder misses you. The adder closely misses you.
Casting: Inner Flame
Confirm with . or Enter, or press ? or * to list all spells.
Okay, then.
You hit the adder.
The adder is lightly wounded.
The adder bites you.
Casting: Inner Flame
Confirm with . or Enter, or press ? or * to list all spells.
Aiming: Flame Tongue
Press: ? - help, Shift-Dir - straight line, f/p - kobold
Aim: a kobold, wielding a short sword (inner flame)
You miscast Flame Tongue.
You are very lightly contaminated with residual magic.
You smell smoke.
The adder closely misses you.
Casting: Flame Tongue
Confirm with . or Enter, or press ? or * to list all spells.
Aiming: Flame Tongue
Press: ? - help, Shift-Dir - straight line, f/p - kobold
Aim: a kobold, wielding a short sword (inner flame)
The flame tongue hits the adder.
The adder is severely wounded.
The adder bites you. The adder closely misses you.
Casting: Flame Tongue
Confirm with . or Enter, or press ? or * to list all spells.
Aiming: Flame Tongue
Press: ? - help, Shift-Dir - straight line, f/p - kobold
Aim: a kobold, wielding a short sword (inner flame)
The flame tongue hits the adder.
You kill the adder!
Your Hexes skill increases to level 2!
You closely miss the kobold. The kobold closely misses you.
You hit the kobold but do no damage. The kobold barely misses you.
You hit the kobold.
The kobold explodes!
The fiery explosion engulfs you!
Ouch! That really hurt!
You die...

.....#.... ..........
#... ..........
...[.....###.##
........
...##........#
...../###.
.........?.#.#
......[....#
#####.......W.#####
#.<..........
.........####......
##.......#....
######.## #.....#
##.#..........#####..#
##W..#.. .. ...#
#..@§W..## ##..#...>
#.. ...
#####.######..##....
.#. #$
#.......W.#...#.. ##..
...###....##.###.. ..
##.. .........###..
##. ...........#.. #.
####....##.... ..
##.....#### ####%..###


You could see maniacrov's ghost.

Vanquished Creatures
  Natasha (thrice) (D:2)
  4 adders
  An ooze (D:1)
  A worm (D:2)
  2 dart slugs (D:1)
  3 leopard geckos
  A ball python (D:1)
  4 giant cockroaches
  11 goblins
  4 hobgoblins
  7 jackals
  2 quokkas
  10 bats
  5 frilled lizards
  6 kobolds
  7 rats
71 creatures vanquished.

Notes
Turn   | Place    | Note
-------+----------+-------------------------------------------
     0 | D:1      | glosham the Vampire Fire Elementalist began the quest for the Orb.
     0 | D:1      | Reached XP level 1. HP: 13/13 MP: 3/3
   171 | D:1      | Reached skill level 1 in Fighting
   397 | D:1      | Reached XP level 2. HP: 21/21 MP: 3/5
   587 | D:2      | Noticed Natasha
   849 | D:2      | Killed Natasha
   849 | D:2      | Reached skill level 2 in Fighting
   849 | D:2      | Reached XP level 3. HP: 27/28 MP: 4/6
   989 | D:2      | Noticed Natasha
   994 | D:2      | Killed Natasha
   994 | D:2      | Reached skill level 3 in Fighting
  1010 | D:2      | Noticed Natasha
  1021 | D:2      | Killed Natasha
  1021 | D:2      | Reached XP level 4. HP: 23/36 MP: 1/7
  1855 | D:3      | Noticed maniacrov's ghost (amateur DEFE)
  1907 | D:2      | Reached skill level 4 in Fighting
  2376 | D:1      | Reached XP level 5. HP: 42/42 MP: 3/8
  2943 | D:1      | Learned a level 3 spell: Inner Flame
  3136 | D:3      | Reached skill level 1 in Hexes
  3428 | D:3      | Reached skill level 2 in Hexes
  3431 | D:3      | Killed from afar by a kobold

Skill      XL: |  1  2  3  4  5 |
---------------+----------------+-----
Fighting       | 1 2 3 4 |  4.4
Hexes          | 2 |  2.2
Dodging        | |  2.1
Stealth        | |  3.0
Spellcasting   | |  2.0
Conjurations   | |  0.6
Fire Magic     | |  2.4

Action                   |  1- 3 |  4- 6 || total
-------------------------+-------+-------++-------
Melee: Whip              |     2 |       ||     2
       Dagger            |     3 |       ||     3
       Short sword       |       |    65 ||    65
       Bite              |       |     6 ||     6
 Cast: Flame Tongue      |    21 |    79 ||   100
       Inner Flame       |       |     1 ||     1
 Stab: Sleeping          |     2 |    11 ||    13
  Eat: Corpse            |     6 |     1 ||     7
Armor: Robe              |     4 |    13 ||    17
Dodge: Dodged            |    12 |    78 ||    90

Table legend:
 A = Turns spent in this place as a percentage of turns spent in the entire game.
 B = Non-inter-level travel turns spent in this place as a percentage of non-inter-level travel turns spent in the entire game.
 C = Inter-level travel turns spent in this place as a percentage of turns spent in this place.
 D = Turns resting spent in this place as a percentage of non-inter-level travel turns spent in this place.
 E = Turns spent auto-exploring this place as a percentage of non-inter-level travel turns spent in this place.
 F = Non-inter-level travel turns spent in this place divided by the number of levels of this place that you've seen.
                   A       B       C       D       E      F
               +-------+-------+-------+-------+-------+----------------------
         Total | 100.0 | 100.0 |   0.8 |   4.8 |   0.2 | 607.0
       Dungeon | 100.0 | 100.0 |   0.8 |   4.8 |   0.2 | 607.0
               +-------+-------+-------+-------+-------+----------------------

Table legend:
 A = Kills in this place as a percentage of kills in entire the game.
 B = Kills by you in this place as a percentage of kills by you in the entire game.
 C = Kills by friends in this place as a percentage of kills by friends in the entire game.
 D = Other kills in this place as a percentage of other kills in the entire game.
 E = Experience gained in this place as a percentage of experience gained in the entire game.
 F = Experience gained in this place divided by the number of levels of this place that you have seen.
                   A       B       C       D       E      F
               +-------+-------+-------+-------+-------+----------------------
         Total | 100.0 | 100.0 |  -nan |  -nan | 100.0 |  92.0
       Dungeon | 100.0 | 100.0 |  -nan |  -nan | 100.0 |  92.0
               +-------+-------+-------+-------+-------+----------------------

Vault maps used:
D:1:      dpeg_arrival_subterranean_lakeside_camping
D:2:      uniq_natasha
